 Dungeon Crawl Stone Soup version 0.28-a0-657-g71136c5590 (webtiles) character file.

Game seed: 13035255828905751667

224 lawman0 the Covert (level 6, 0/79 HPs)
             Began as a Gnoll Delver on Oct 14, 2021.
             Slain by a wolf (5 damage)
             ... on level 4 of the Dungeon.
             The game lasted 00:03:06 (1709 turns).

lawman0 the Covert (Gnoll Delver)                   Turns: 1709, Time: 00:03:07

Health: 0/79       AC: 23    Str: 11    XL:     6   Next: 0%
Magic:  8/8        EV:  2    Int: 12    God:
Gold:   51         SH:  0    Dex: 13    Spells: 8/8 levels left

rFire   + . .      SeeInvis .   a - +0 falchion
rCold   . . .      Faith    .   (no shield)
rNeg    . . .      Spirit   .   (armour currently unavailable)
rPois   +          Reflect  .   (helmet currently unavailable)
rElec   .          Harm     .   (cloak currently unavailable)
rCorr   .          Rampage  .   (gloves currently unavailable)
Will    .....      NoTele   +   (boots currently unavailable)
Stlth   ++++......              (no amulet)
HPRegen 0.23/turn               d - ring of protection from fire
MPRegen 0.11/turn               (no ring)

@: tree-form, hasted, very quick
A: stationary, stasis, torment immunity, boosted hp, (fangs 1), strong nose,
distributed training
a: no special abilities


You were on level 4 of the Dungeon.
You were a tree.
You visited 1 branch of the dungeon, and saw 2 of its levels.

You collected 51 gold pieces.

Inventory:

Hand Weapons
 a - a +0 falchion (weapon)
 b - a +0 hunting sling
Armour
 e - a +0 leather armour (melded)
 h - a +1 pair of boots of stealth
Jewellery
 d - a ring of protection from fire (left branch)
Scrolls
 c - a scroll of fog
 i - a scroll of holy word {unknown}
 j - a scroll of acquirement {unknown}


   Skills:
 + Level 6.7 Fighting
 + Level 1.7 Short Blades
 + Level 4.9 Long Blades
 + Level 1.7 Axes
 + Level 1.7 Maces & Flails
 + Level 1.7 Polearms
 + Level 1.7 Staves
 + Level 1.7 Slings
 + Level 1.7 Bows
 + Level 1.7 Crossbows
 + Level 1.7 Throwing
 + Level 1.7 Armour
 + Level 4.9 Dodging
 + Level 9.7 Stealth
 + Level 1.7 Shields
 + Level 1.7 Unarmed Combat
 + Level 1.7 Spellcasting
 + Level 1.3 Conjurations
 + Level 1.3 Hexes
 + Level 1.3 Summonings
 + Level 1.3 Necromancy
 + Level 1.3 Translocations
 + Level 1.3 Transmutations
 + Level 1.3 Fire Magic
 + Level 1.3 Ice Magic
 + Level 1.3 Air Magic
 + Level 1.3 Earth Magic
 + Level 1.3 Poison Magic
 + Level 1.9 Invocations
 + Level 1.7 Evocations


You had 8 spell levels left.
You didn't know any spells.
Your spell library was empty.

Dungeon Overview and Level Annotations

Branches:
Dungeon (5/15)
 Temple: D:4-7

Altars:

Shops:
D:5 ?


Innate Abilities, Weirdness & Mutations

You are a tree.
Your roots penetrate the ground, keeping you stationary.
You cannot be teleported.
You are immune to unholy pain and torment.
Your maximum health is greatly increased.
Your equipment is partially melded.
((You have very sharp teeth.))
Your uncanny sense of smell can sniff out nearby items.
Your experience applies equally to all skills.


Message History

You hit the wolf. Your bite misses the wolf.
The wolf is heavily wounded.
The wolf closely misses you.
You closely miss the wolf.
The wolf is heavily wounded.
The wolf bites you!
You are too injured to fight recklessly!
You miss the wolf.
The wolf is heavily wounded.
The wolf bites you!
* * * LOW HITPOINT WARNING * * *
The wolf pauses to sniff the ground.
The wolf bites you.
* * * LOW HITPOINT WARNING * * *
Unknown command.
You closely miss the wolf.
The wolf is heavily wounded.
The wolf bites you but does no damage.
You hit the wolf.
The wolf is heavily wounded.
The wolf closely misses you.
Unknown command.
You miss the wolf. Your bite misses the wolf.
The wolf is heavily wounded.
The wolf misses you.
You closely miss the wolf.
The wolf is heavily wounded.
The wolf bites you.
* * * LOW HITPOINT WARNING * * *
The wolf bites you but does no damage.
It was a potion of lignification.
You turn into a tree.
Your +0 leather armour melds into your body.
Your roots penetrate the ground.
The wolf bites you but does no damage.
You closely miss the wolf.
The wolf is heavily wounded.
The wolf bites you but does no damage.
You hit the wolf but do no damage.
The wolf is heavily wounded.
The wolf bites you.
You die...

#8..g8#
#........≈≈≈≈≈≈.≈≈
##...##
#......≈≈≈≈≈≈..≈≈≈ #..g#
#......#≈≈≈≈≈≈≈≈≈≈ #...
#......#≈≈≈≈#..... 8...
#......#≈≈≈≈#####. #..
#......#≈≈≈≈### #..
##..##.##≈≈≈#.. #.#
#..##<# #≈##.# #.#
#.###♣# ≈##.#
####.#######.###h## ##.#
g............r.gr.####..#
####....##.........##...#
#.........###........#
...........## #......>†#
............# ##########
..##.#...#..# .#
#.#...#..# ####


You could see a wolf, a gnoll and a quokka.

Vanquished Creatures
  A necrophage (D:4)
  A hound (D:4)
  A centaur skeleton (D:5)
  An iguana (D:4)
  An adder (D:5)
  A gnoll (D:5)
  2 howler monkey skeletons (D:4)
  An ufetubus (D:5)
  A dart slug (D:5)
  An orc (D:4)
  2 goblins (D:4)
  A jackal (D:5)
  2 quokkas (D:4)
  A ball python (D:4)
17 creatures vanquished.

Notes
Turn   | Place    | Note
-------+----------+-------------------------------------------
     0 | D:5      | Reached skill level 9 in Stealth
     0 | D:5      | lawman0 the Gnoll Delver began the quest for the Orb.
     0 | D:5      | Reached XP level 1. HP: 23/23 MP: 1/1
     5 | D:5      | Noticed a gnoll shaman
    19 | D:5      | Noticed a gnoll sergeant
    21 | D:5      | Noticed a phantom
    36 | D:5      | Noticed an ogre
    45 | D:5      | Reached XP level 2. HP: 29/29 MP: 1/3
    45 | D:5      | Reached XP level 3. HP: 35/35 MP: 1/4
    79 | D:5      | Found Fuacer's Magic Scroll Emporium.
   106 | D:4      | Reached skill level 1 in Invocations
   111 | D:4      | Reached skill level 1 in Short Blades
   111 | D:4      | Reached skill level 1 in Axes
   111 | D:4      | Reached skill level 1 in Maces & Flails
   111 | D:4      | Reached skill level 1 in Polearms
   111 | D:4      | Reached skill level 1 in Staves
   111 | D:4      | Reached skill level 1 in Slings
   111 | D:4      | Reached skill level 1 in Bows
   111 | D:4      | Reached skill level 1 in Crossbows
   111 | D:4      | Reached skill level 1 in Throwing
   111 | D:4      | Reached skill level 1 in Armour
   111 | D:4      | Reached skill level 1 in Shields
   111 | D:4      | Reached skill level 1 in Unarmed Combat
   111 | D:4      | Reached skill level 1 in Spellcasting
   111 | D:4      | Reached skill level 1 in Evocations
   325 | D:4      | Noticed a black bear
   354 | D:4      | Reached XP level 4. HP: 13/41 MP: 5/5
   566 | D:4      | Identified the +0 robe of Unof {Slay+2}
   620 | D:4      | Noticed a necrophage
   652 | D:4      | Killed a necrophage
   653 | D:4      | Reached skill level 1 in Conjurations
   653 | D:4      | Reached skill level 1 in Hexes
   653 | D:4      | Reached skill level 1 in Summonings
   653 | D:4      | Reached skill level 1 in Necromancy
   653 | D:4      | Reached skill level 1 in Translocations
   653 | D:4      | Reached skill level 1 in Transmutations
   653 | D:4      | Reached skill level 1 in Fire Magic
   653 | D:4      | Reached skill level 1 in Ice Magic
   653 | D:4      | Reached skill level 1 in Air Magic
   653 | D:4      | Reached skill level 1 in Earth Magic
   653 | D:4      | Reached skill level 1 in Poison Magic
   653 | D:4      | Reached XP level 5. HP: 18/47 MP: 5/7
   957 | D:4      | You fall into a shaft and drop 1 floor!
  1582 | D:5      | Reached XP level 6. HP: 43/53 MP: 8/8
  1709 | D:4      | Slain by a wolf

Illustrated notes

Levels and vault maps discovered:
D:4:      layout_rooms, serial_corexii_hall, chequers_hall_statues_y,
          corexii_hall_statues_deadend, corexii_hall_statues_s,
          corexii_hall_statues_x, serial_shops, shop,
          chequers_serial_rivers_large_a
D:5:      cheibrodos_barr_body, layout_cave_pools, serial_gnoll_camp,
          grums_kennel, gnoll_camp_mini_hut, gnoll_camp_mini_basic,
          gnoll_camp_mini_house, gnoll_camp_huts_basic,
          gnoll_camp_mini_sergeant, serial_shops, nicolae_shop_trees

Skill      XL: |  1  2  3  4 |
---------------+-------------+-----
Stealth        | |  9.7
Invocations    | 1 |  1.9
Short Blades   | 1 |  1.7
Axes           | 1 |  1.7
Maces & Flails | 1 |  1.7
Polearms       | 1 |  1.7
Staves         | 1 |  1.7
Slings         | 1 |  1.7
Bows           | 1 |  1.7
Crossbows      | 1 |  1.7
Throwing       | 1 |  1.7
Armour         | 1 |  1.7
Shields        | 1 |  1.7
Unarmed Combat | 1 |  1.7
Spellcasting   | 1 |  1.7
Evocations     | 1 |  1.7
Conjurations   | 1 |  1.3
Hexes          | 1 |  1.3
Summonings     | 1 |  1.3
Necromancy     | 1 |  1.3
Translocations | 1 |  1.3
Transmutations | 1 |  1.3
Fire Magic     | 1 |  1.3
Ice Magic      | 1 |  1.3
Air Magic      | 1 |  1.3
Earth Magic    | 1 |  1.3
Poison Magic   | 1 |  1.3
Fighting       | |  6.7
Long Blades    | |  4.9
Dodging        | |  4.9

Action                   |  1- 3 |  4- 6 || total
-------------------------+-------+-------++-------
Melee: Falchion          |    35 |    76 ||   111
       Bite              |     2 |    12 ||    14
       Punch             |     2 |       ||     2
Evoke: Wand              |     1 |     2 ||     3
  Use: Scroll            |     2 |       ||     2
       Potion            |       |     2 ||     2
 Stab: Sleeping          |     2 |     1 ||     3
Armor: Leather armour    |     3 |    14 ||    17
       Skin              |       |     2 ||     2
Dodge: Dodged            |    37 |    61 ||    98

Table legend: (Time is in decaauts)
 A = Elapsed time spent in this place.
 B = Non-inter-level travel time spent in this place.
 C = Inter-level travel time spent in this place.
 D = Time resting spent in this place.
 E = Time spent auto-exploring this place.
 F = Levels seen in this place.
 G = Mean time per level.
                   A        B        C        D        E       F      G
               +--------+--------+--------+--------+--------+-----+--------+
         Total |   1702 |   1702 |      0 |    872 |    331 |   2 |  851.0 |
       Dungeon |   1702 |   1702 |      0 |    872 |    331 |   2 |  851.0 |
               +--------+--------+--------+--------+--------+-----+--------+

Top non-repeatable levels by time:
     D:4: 1195 daAuts
     D:5: 506 daAuts
